 Dungeon Crawl Stone Soup version 0.29.1-1-gd02db6906a (webtiles) character file.

Game seed: 8959719261282426584

10225 MisterFreud the Cruncher (level 11, 0/84 HPs)
             Began as a Formicid Gladiator on Oct 11, 2022.
             Was a Follower of Yredelemnul.
             Slain by a troll (16 damage)
             ... on level 11 of the Dungeon.
             The game lasted 00:13:13 (10900 turns).

MisterFreud the Cruncher (Formicid Gladiator)      Turns: 10900, Time: 00:13:13

Health: 0/84       AC:  8    Str: 26    XL:     11   Next: 89%
Magic:  26/26      EV: 12    Int:  9    God:    Yredelemnul [*.....]
Gold:   393        SH:  0    Dex: 17    Spells: 10/10 levels left

rFire   . . .      SeeInvis +   j - +7 lajatang of Order {silver, rMut}
rCold   . . .      Faith    .   (no shield)
rNeg    . . .      Spirit   .   b - +0 leather armour
rPois   .          Reflect  .   (helmet unavailable)
rElec   .          Harm     .   (no cloak)
rCorr   .          Rampage  .   p - +0 pair of gloves
rMut    +                       n - +2 pair of boots
Will    +....                   (no amulet)
Stlth   +.........              g - ring of magical power
HPRegen 0.24/turn               i - +6 ring of strength
MPRegen 0.20/turn

@: no status effects
A: permanent stasis, dig shafts and tunnels, antennae 3, four strong arms
a: Dig, Shaft Self, Renounce Religion, Recall Undead Harvest


You were on level 11 of the Dungeon.
You worshipped Yredelemnul.
Yredelemnul was aware of your devotion.
You visited 2 branches of the dungeon, and saw 12 of its levels.

You collected 659 gold pieces.
You spent 266 gold pieces at shops.

Inventory:

Hand Weapons
 a - a +0 quarterstaff
 j - the +7 lajatang of Order (weapon) {silver, rMut}
   (You found it on level 2 of the Dungeon)

   It inflicts extra damage upon those it strikes, and deals substantially
   increased damage to chaotic, mutated and magically transformed beings.
   rMut:      It protects you from mutation.
Missiles
 c - 7 throwing nets (quivered)
 d - a javelin
 r - 38 poisoned darts
 s - 21 boomerangs
 J - a curare-tipped dart
Armour
 b - a +0 leather armour (worn)
 n - a +2 pair of boots (worn)
 p - a +0 pair of gloves (worn)
Jewellery
 g - a ring of magical power (left hand)
 h - a ring of protection from fire
 i - a +6 ring of strength (right hand)
 k - a ring of ice
 y - a ring of protection from cold
Wands
 C - a wand of iceblast (26)
 F - a wand of light (6)
 G - a wand of mindburst (2)
Scrolls
 o - a scroll of summoning
 q - 2 scrolls of silence
 u - 2 scrolls of butterflies
 v - a scroll of enchant armour
 A - 2 scrolls of enchant weapon
 H - a scroll of identify
 I - a scroll of immolation {unknown}
Potions
 e - 4 potions of lignification
 f - 4 potions of curing
 l - 2 potions of heal wounds
 m - 2 potions of haste
 t - a potion of flight {unknown}
 w - 3 potions of attraction
 x - a potion of resistance
 z - a potion of mutation
 B - 3 potions of cancellation
 D - a potion of invisibility
 E - 2 potions of might


   Skills:
 + Level 7.4 Fighting
 - Level 14.0 Staves
 - Level 2.0 Throwing
 - Level 6.0 Armour
 - Level 2.6 Dodging
 - Level 8.0 Invocations
 + Level 4.0 Evocations


You had 10 spell levels left.
You didn't know any spells.
Your spell library contained the following spells:

 Spells                   Type           Power      Damage    Failure   Level
 Sandblast                Erth           0%         2d4       41%         1
 Slow                     Hex            0%         N/A       41%         1
 Ensorcelled Hibernation  Hex/Ice        0%         N/A       56%         2
 Passwall                 Tmut/Erth      0%         N/A       56%         2
 Inner Flame              Hex/Fire       0%         N/A       80%         3
 Stone Arrow              Conj/Erth      0%         3d7       80%         3
 Passage of Golubria      Tloc           0%         N/A       99%         4
 Petrify                  Tmut/Erth      0%         N/A       99%         4
 Silence                  Hex/Air        0%         N/A       100%        5
 Statue Form              Tmut/Erth      0%         N/A       100%        6
 Enfeeble                 Hex            0%         N/A       100%        7
 Lehudib's Crystal Spear  Conj/Erth      0%         10d2      100%        8
 Blink                    Tloc           Unusable   N/A       N/A         2

Dungeon Overview and Level Annotations

Branches:
Dungeon (11/15)            Temple (1/1) D:4            Lair (0/5) D:11
    Orc: D:9-12

Altars:
Ashenzari
Cheibriados
Dithmenos
Elyvilon
Fedhas
Gozag
Hepliaklqana
Kikubaaqudgha
Makhleb
Nemelex Xobeh
Okawaru
Qazlal
Ru
Sif Muna
Trog
Uskayaw
Vehumet
Wu Jian
Xom
Yredelemnul
Zin
The Shining One

Shops:
D:3 [   D:5 ?   D:6 ?   D:9 *

Annotations:
D:6 3 runed translucent doors, sentinel's ghost, novice MeEE


Innate Abilities, Weirdness & Mutations

You cannot be hasted, slowed, berserked, paralysed or teleported.
You can dig through walls and to a lower floor.
You have a pair of large antennae on your head. (SInv)
Your four strong arms can wield two-handed weapons with a shield.


Message History

Your deep elf pyromancer zombie hits the troll but does no damage.
You are too injured to fight recklessly!
You slice the troll!!
The troll is severely wounded.
The hound splashes around in the water.
The troll bites you! The troll claws you!
* * * LOW HITPOINT WARNING * * *
The troll claws you.
* * * LOW HITPOINT WARNING * * *
The hound bites you.
* * * LOW HITPOINT WARNING * * *
Your deep elf pyromancer zombie splashes around in the water.
Unknown command.
Unknown command.
Unknown command.
Unknown command.
Unknown command.
Unknown command.
Okay, then.
Unknown command.
Unknown command.
You feel much better. The hound barely misses you.
The hound bites you but does no damage. The troll barely misses you.
The troll closely misses you. The troll claws you!
* * * LOW HITPOINT WARNING * * *
The hound bites you but does no damage.
You feel much better. The hound bites you but does no damage.
Your deep elf pyromancer zombie splashes around in the water.
The troll bites you!
* * * LOW HITPOINT WARNING * * *
The troll misses you. The troll barely misses you.
The hound splashes around in the water.
The hound bites you.
* * * LOW HITPOINT WARNING * * *
You barely miss the troll.
The troll is heavily wounded.
The hound bites you.
* * * LOW HITPOINT WARNING * * *
The troll bites you!
You die...
Your body rises from the dead as a mindless zombie.

#......#.# ###......#
#...)....# #.###)####
#.. #)#
#.####)#########
#......)≈≈≈≈≈~..
#..~..~.~~≈≈≈≈~.
#....~@h~≈≈≈≈≈≈≈
#...~ZTh~≈≈≈≈≈≈≈
#....~≈≈~~~~~~≈~
#....~≈≈≈.~..≈~≈≈~≈≈~~.
##..~~≈≈~~.....~~~~~~~.
#...≈~~≈..>.....?.....
#.~~~.≈≈~.....~~~~~~~.
#....~~≈..~...~≈~~....
#.....≈~~~.~~≈~≈≈≈≈~~.


You could see a troll (ally target), 2 hounds and a friendly deep elf pyromancer
zombie.

Vanquished Creatures
  A tengu warrior (D:9)
  A deep elf zephyrmancer (D:11)
  A deep elf pyromancer (D:11)
  Joseph (D:8)
  2 trolls
  2 wyverns (D:8)
  7 yaks
  2 wraiths
  A shadow (D:9)
  3 steam dragons
  Grum (D:8)
  2 water moccasins (D:8)
  4 orc warriors
  A sky beast (D:7)
  2 black bears
  An ice beast (D:7)
  5 wolves
  4 centaurs
  3 ogres
  2 phantoms (D:5)
  2 kobold brigands (D:7)
  3 bullfrogs
  2 scorpions
  A necrophage (D:6)
  12 wights
  7 howler monkeys
  2 electric eels (D:11)
  A jelly (D:6)
  8 orc priests
  2 gnoll boudas
  2 hounds
  3 iguanas
  7 orc wizards
  6 gnolls
  8 adders
  A shadow imp (D:8)
  2 white imps
  2 ufetubi
  A worm (D:3)
  2 dart slugs
  28 orcs
  9 endoplasms
  4 giant cockroaches
  A hobgoblin (D:3)
  18 kobolds
  2 quokkas
  8 ball pythons
  9 bats
  4 frilled lizards
  8 goblins
  3 rats
214 creatures vanquished.

Vanquished Creatures (collateral kills)
  A centaur warrior (D:11)
  A two-headed ogre (D:8)
  A water elemental (D:11)
  A phantom (D:6)
  An adder (D:5)
  A gnoll (D:8)
  2 orcs
8 creatures vanquished.

Vanquished Creatures (others)
  A troll zombie (D:11)
  A wolf zombie (D:8)
  2 centaur zombies
  A howler monkey zombie (D:8)
  A steam dragon zombie (D:9)
  A spectral shadow imp (D:8)
  A ball python (D:4)
  A kobold zombie (D:7)
  2 orc zombies
  5 toadstools (D:1)
16 creatures vanquished.

Grand Total: 238 creatures vanquished

Notes
Turn   | Place    | Note
-------+----------+-------------------------------------------
     0 | D:1      | MisterFreud the Formicid Gladiator began the quest for the
                  | Orb.
     0 | D:1      | Reached XP level 1. HP: 16/16 MP: 1/1
   261 | D:1      | Reached XP level 2. HP: 22/22 MP: 2/2
   405 | D:1      | Reached skill level 4 in Staves
   405 | D:1      | Reached XP level 3. HP: 7/27 MP: 3/3
  1110 | D:2      | Found the +7 lajatang of Order {silver, rMut}
  1587 | D:3      | Reached XP level 4. HP: 33/33 MP: 4/4
  1626 | D:3      | Noticed a +0 short sword
  1626 | D:3      | Noticed a +0 short sword
  1626 | D:3      | Noticed a +0 spear
  1627 | D:3      | Noticed a +0 dagger
  1627 | D:3      | Noticed a +0 dagger
  1627 | D:3      | Noticed a +0 spear
  1628 | D:3      | Noticed a +0 falchion
  1628 | D:3      | Noticed a +0 falchion
  1635 | D:3      | Found a sparkling altar of Nemelex Xobeh.
  1664 | D:3      | Found a hide-covered altar of Uskayaw.
  1805 | D:3      | Reached skill level 5 in Staves
  1890 | D:3      | Found Coina's Antique Armour Boutique.
  1893 | D:3      | Reached XP level 5. HP: 38/38 MP: 5/5
  2114 | D:3      | Found a glowing silver altar of Zin.
  2365 | D:4      | Found a stormy altar of Qazlal.
  2434 | D:4      | Reached skill level 6 in Staves
  2476 | D:4      | Found a hazy altar of Hepliaklqana.
  2734 | D:4      | Found a staircase to the Ecumenical Temple.
  2966 | Temple   | Entered the Ecumenical Temple
  3151 | Temple   | Became a worshipper of Yredelemnul the Dark
  3191 | D:5      | Entered Level 5 of the Dungeon
  3227 | D:5      | Noticed a black bear
  3230 | D:5      | Killed a black bear
  3231 | D:5      | Reached skill level 1 in Armour
  3231 | D:5      | Reached XP level 6. HP: 43/46 MP: 6/6
  3427 | D:5      | Noticed an ogre
  3430 | D:5      | Found Reif Xea's Magic Scroll Boutique.
  3437 | D:5      | Reached XP level 7. HP: 52/52 MP: 7/7
  3496 | D:5      | Reached * piety under Yredelemnul
  3528 | D:5      | Reached skill level 7 in Staves
  3796 | D:5      | Bought a scroll of enchant weapon for 82 gold pieces
  3903 | D:5      | Reached ** piety under Yredelemnul
  3945 | D:5      | Reached XP level 8. HP: 60/60 MP: 8/8
  4341 | D:6      | Reached skill level 8 in Staves
  4414 | D:6      | Found a snail-covered altar of Cheibriados.
  4428 | D:6      | Found Asehuerch's Magic Scroll Boutique.
  4437 | D:6      | Bought a scroll of silence for 114 gold pieces
  4727 | D:6      | Found an ornate altar of the Wu Jian Council.
  4924 | D:6      | Found an opulent altar of Gozag.
  4932 | D:6      | Reached skill level 5 in Fighting
  5089 | D:6      | Noticed a yak
  5090 | D:6      | Noticed a yak
  5091 | D:6      | Noticed a yak
  5092 | D:6      | Noticed a yak
  5094 | D:6      | Killed a yak
  5095 | D:6      | Reached XP level 9. HP: 64/68 MP: 9/9
  5098 | D:6      | Reached skill level 9 in Staves
  5103 | D:6      | Reached skill level 5 in Armour
  5104 | D:6      | Reached *** piety under Yredelemnul
  5297 | D:6      | Found a runed translucent gate.
  5297 | D:6      | Found a runed translucent gate.
  5297 | D:6      | Found a runed translucent gate.
  5297 | D:6      | Noticed sentinel's ghost (novice MeEE)
  5810 | D:7      | Reached skill level 10 in Staves
  5884 | D:7      | Reached skill level 1 in Invocations
  6448 | D:7      | Identified the +1 ring mail "Eqablun" {Int+2}
  6455 | D:7      | Reached XP level 10. HP: 70/76 MP: 12/12
  6491 | D:7      | Reached **** piety under Yredelemnul
  6663 | D:8      | Found a white marble altar of Elyvilon.
  6697 | D:8      | Noticed Joseph
  6713 | D:8      | Killed Joseph
  6714 | D:8      | Reached skill level 5 in Invocations
  6915 | D:8      | Noticed Grum
  6927 | D:8      | Reached skill level 11 in Staves
  6931 | D:8      | Killed Grum
  6967 | D:8      | Found a glowing golden altar of the Shining One.
  7020 | D:8      | Found an iron altar of Okawaru.
  7111 | D:8      | Found a blossoming altar of Fedhas.
  7111 | D:8      | Noticed a two-headed ogre
  7118 | D:8      | Killed a two-headed ogre
  7550 | D:8      | Found a burning altar of Makhleb.
  7745 | D:9      | Found Oplokeku's General Store.
  7787 | D:9      | Reached skill level 12 in Staves
  7821 | D:9      | Bought a potion of heal wounds for 70 gold pieces
  7922 | D:9      | Reached XP level 11. HP: 76/79 MP: 17/17
  8146 | D:9      | Noticed a tengu warrior
  8164 | D:9      | Killed a tengu warrior
  8165 | D:9      | Reached skill level 13 in Staves
  8466 | D:9      | Found the +18 Lear's hauberk
  8907 | D:10     | Entered Level 10 of the Dungeon
  9298 | D:10     | Found a shimmering blue altar of Sif Muna.
  9376 | D:10     | Found a bloodstained altar of Trog.
  9378 | D:10     | Found a broken altar of Ashenzari.
  9636 | D:11     | Found a staircase to the Lair.
  9652 | D:10     | Reached skill level 14 in Staves
  9946 | D:11     | Noticed a wizard
  9947 | D:11     | Noticed a deep elf zephyrmancer
  9947 | D:11     | Noticed Psyche
 10233 | D:11     | Killed a deep elf zephyrmancer
 10234 | D:11     | Reached skill level 1 in Evocations
 10408 | D:11     | Noticed a deep elf pyromancer
 10413 | D:11     | Killed a deep elf pyromancer
 10490 | D:11     | Got Ts'ui Pên's Atlas of Forking Paths
 10522 | D:11     | Noticed a deep elf pyromancer
 10529 | D:11     | Got the Incunable of Axaxaxas mlö
 10536 | D:11     | Got the Incunable of Plaster Cramp
 10587 | D:11     | Noticed a centaur warrior
 10598 | D:11     | Killed a centaur warrior
 10900 | D:11     | Slain by a troll

Illustrated notes

Levels and vault maps discovered:
D:1:      ldierk_walled_garden, layout_rooms
D:2:      layout_basic
D:3:      layout_basic, nicolae_uskayaw_en_pointe, nemelex_diamond_rough_becter,
          lemuel_coloured_pillars_altar, serial_shops, shop_fountains
D:4:      layout_loops_ring, nicolae_qazlal_general_emergency,
          nzn_hepliaklqana_mist_gate, lemuel_temple_firewalk_a
D:5:      layout_basic, nicolae_inconvenience_store
D:6:      layout_loops_ring, mainiacjoe_overflow_cross_hatched,
          mainiacjoe_overflow_alcove_2, nicolae_overflow_hidden_temple,
          biasface_ghost_orc_armoury, serial_shops, shop, st_stairs_13,
          item_on_display_a
D:7:      layout_loops_cross, minivault_19, feat_on_display
D:8:      layout_cave_pools, nicolae_tso_carved_into_rock, marbit_many_paths,
          okawaru_ov_weapons_minmay, mainiacjoe_overflow_boulevard,
          kennysheep_little_box, uniq_grum, uniq_joseph
D:9:      layout_basic, serial_shops, shop_statue, hellmonk_guarded_unrand_lears
D:10:     layout_long_grid, chequers_temple_overflow_statue_of_worship,
          minmay_misc_feat_x
D:11:     layout_roguey, erik_lair_island, minmay_orc_entry_temple_small,
          bh_hangedman_babel_library, uniq_erica, uniq_snorg, uniq_psyche
Temple:   nicolae_temple_bog_church

Skill      XL: |  1  2  3  4  5  6  7  8  9 10 11 |
---------------+----------------------------------+-----
Staves         | 4 5 6 7 8 10 12 14 | 14.0
Armour         | 1 2 3 4 6 |  6.0
Fighting       | 3 4 5 6 7 |  7.4
Invocations    | 3 8 |  8.0
Evocations     | 4 |  4.0
Throwing       | |  2.0
Dodging        | |  2.6

Action                   |  1- 3 |  4- 6 |  7- 9 | 10-12 || total
-------------------------+-------+-------+-------+-------++-------
Melee: Quarterstaff      |    58 |       |       |       ||    58
       Lajatang          |    11 |    57 |   134 |   189 ||   391
       Punch             |       |     1 |       |     3 ||     4
Throw: Dart              |       |       |       |     2 ||     2
       Boomerang         |       |       |       |     2 ||     2
Evoke: Wand              |       |       |       |     8 ||     8
  Use: Scroll            |     5 |       |    13 |     3 ||    21
       Potion            |       |       |       |     2 ||     2
 Stab: Sleeping          |     2 |     2 |       |       ||     4
       Distracted        |       |     1 |       |     3 ||     4
Armor: Leather armour    |    21 |    18 |    54 |    47 ||   140
Dodge: Dodged            |    38 |    37 |    84 |   107 ||   266
